EL
BILOXI SHUCKERS @ MOBILE BAYBEARS
08/29/2049
 
TOP OF THE 1ST
Biloxi Shuckers batting - Pitching for Mobile BayBears : RHP Chad Toms
Pitching: RHP Chad Toms
Batting: RHB Nick Cummings 0-0: Foul Ball, location: 2F
0-1: Ground out 4-3 (Groundball, 6M, EV 91.9 MPH)
Batting: LHB Jason Raker 0-0: Ball
1-0: Ball
2-0: Foul Ball, location: 2F
2-1: Swinging Strike
2-2: Strikes out swinging
Batting: SHB Justin Hensley 0-0: Ball
1-0: Foul Ball, location: 2F
1-1: Ball
2-1: Ball
3-1: DOUBLE (Line Drive, 9LD, EV 113.8 MPH)
Batting: RHB Jeremy Harden 0-0: Called Strike
0-1: Ball
1-1: Ground out 1-3 (Groundball, 13, EV 66.2 MPH)
Top of the 1st over - 0 runs, 1 hit, 0 errors, 1 left on base; Biloxi 0 - Mobile 0
BOTTOM OF THE 1ST
Mobile BayBears batting - Pitching for Biloxi Shuckers : RHP Zachery Waff
Pitching: RHP Zachery Waff
Batting: RHB Luke Stark 0-0: Called Strike
0-1: Foul Ball, location: 2F
0-2: Ball
1-2: Ball
2-2: Strikes out swinging
Batting: RHB D.J. Cooke 0-0: Ball
1-0: Foul Ball, location: 2F
1-1: Ball
2-1: Foul Ball, location: 2F
2-2: Ball
3-2: Foul Ball, location: 2F
3-2: SINGLE (Line Drive, 9LS, EV 100.6 MPH)
Batting: LHB Yao-pang Tien 0-0: Ball
1-0: Fielders Choice at 2nd, 4-6 (Groundball, 4, EV 83.8 MPH)
Batting: SHB Rich Muniz 0-0: Ball
1-0: Foul Ball, location: 2F
1-1: Fly out, F7 (Flyball, 7LD, EV 88.8 MPH)
Bottom of the 1st over - 0 runs, 1 hit, 0 errors, 1 left on base; Biloxi 0 - Mobile 0
TOP OF THE 2ND
Biloxi Shuckers batting - Pitching for Mobile BayBears : RHP Chad Toms
Batting: LHB Rick Campbell 0-0: Called Strike
0-1: Ball
1-1: Swinging Strike
1-2: Strikes out swinging
Batting: SHB Aaron Neill 0-0: Ball
1-0: Swinging Strike
1-1: Foul Ball, location: 2F
1-2: Ball
2-2: Strikes out swinging
Batting: RHB Brian Landrum 0-0: Ball
1-0: Called Strike
1-1: Foul Ball, location: 2F
1-2: Ball
2-2: Foul Ball, location: 2F
2-2: Ground out U3 (Groundball, 3, EV 81.2 MPH)
Top of the 2nd over - 0 runs, 0 hits, 0 errors, 0 left on base; Biloxi 0 - Mobile 0
BOTTOM OF THE 2ND
Mobile BayBears batting - Pitching for Biloxi Shuckers : RHP Zachery Waff
Batting: RHB Seth Tramontano 0-0: Foul Ball, location: 2F
0-1: Called Strike
0-2: Ball
1-2: Ball
2-2: Strikes out swinging
Batting: RHB Francisco Gutierrez 0-0: Ball
1-0: SINGLE (Groundball, 6MD, EV 102.5 MPH)
Batting: LHB Frank Mullen 0-0: Called Strike
Francisco Gutierrez steals 2nd base
0-1: Ball
1-1: Foul Ball, location: 2F
1-2: Ball
2-2: Ball
3-2: SINGLE (Flyball, 8LS, EV 91.2 MPH)
Francisco Gutierrez to third
Runner from 3rd tries for Home, SAFE, throw by CF to home
Batting: RHB Paul Schreiber 0-0: Foul Ball, location: 2F
0-1: Fielders Choice at 2nd, 3-6 (Groundball, 23, EV 88.1 MPH)
Batting: RHB Sean Tanner 0-0: Ball
1-0: Ball
2-0: Called Strike
2-1: Fly out, F8 (Flyball, 89M, EV 83.8 MPH)
Bottom of the 2nd over - 1 run, 2 hits, 0 errors, 1 left on base; Biloxi 0 - Mobile 1
TOP OF THE 3RD
Biloxi Shuckers batting - Pitching for Mobile BayBears : RHP Chad Toms
Batting: SHB Jerry Duffy 0-0: Ground out 4-3 (Groundball, 4, EV 105.0 MPH)
Batting: RHB Leo Serrano 0-0: TRIPLE (Line Drive, 78XD, EV 109.4 MPH)
Batting: RHB Nick Cummings 0-0: Ball
1-0: Called Strike
1-1: Ball
2-1: Called Strike
2-2: Ball
3-2: SINGLE (Groundball, 56D, EV 95.6 MPH)
Leo Serrano scores
Batting: LHB Jason Raker 0-0: Fly out, F8 (Flyball, 8RM, EV 90.0 MPH)
Batting: SHB Justin Hensley 0-0: Called Strike
Nick Cummings steals 2nd base
0-1: Fly out, F8 (Flyball, 8RD, EV 92.5 MPH)
Top of the 3rd over - 1 run, 2 hits, 0 errors, 1 left on base; Biloxi 1 - Mobile 1
BOTTOM OF THE 3RD
Mobile BayBears batting - Pitching for Biloxi Shuckers : RHP Zachery Waff
Batting: RHB Luke Stark 0-0: Ball
1-0: Called Strike
1-1: Swinging Strike
1-2: SINGLE (Line Drive, 89S, EV 99.4 MPH)
Batting: RHB D.J. Cooke 0-0: Ball
1-0: Ball
2-0: Foul Ball, location: 2F
2-1: Foul Ball, location: 2F
2-2: Strikes out swinging
Batting: LHB Yao-pang Tien 0-0: Fly out, F8 (Flyball, 8LM, EV 90.0 MPH)
Batting: SHB Rich Muniz 0-0: Ball
1-0: Called Strike
1-1: Foul Ball, location: 2F
1-2: Ball
2-2: Foul Ball, location: 2F
2-2: Strikes out swinging
Bottom of the 3rd over - 0 runs, 1 hit, 0 errors, 1 left on base; Biloxi 1 - Mobile 1
TOP OF THE 4TH
Biloxi Shuckers batting - Pitching for Mobile BayBears : RHP Chad Toms
Batting: RHB Jeremy Harden 0-0: Called Strike
0-1: Called Strike
0-2: Ball
1-2: Ground out 6-3 (Groundball, 6, EV 85.0 MPH)
Batting: LHB Rick Campbell 0-0: Ball
1-0: SINGLE (Flyball, 5D, EV 89.4 MPH)
Batting: SHB Aaron Neill 0-0: Ball
Rick Campbell steals 2nd base
1-0: SINGLE (Line Drive, 56D, EV 98.1 MPH)
Rick Campbell to third
Runner from 3rd tries for Home, throw by LF and OUT! 7-2
Batting: RHB Brian Landrum 0-0: Called Strike
Aaron Neill steals 2nd base
0-1: Swinging Strike
0-2: Strikes out swinging
Top of the 4th over - 0 runs, 2 hits, 0 errors, 1 left on base; Biloxi 1 - Mobile 1
BOTTOM OF THE 4TH
Mobile BayBears batting - Pitching for Biloxi Shuckers : RHP Zachery Waff
Batting: RHB Seth Tramontano 0-0: Ball
1-0: Ground out 4-3 (Groundball, 4, EV 105.0 MPH)
Batting: RHB Francisco Gutierrez 0-0: Called Strike
0-1: Called Strike
0-2: Foul Ball, location: 2F
0-2: Strikes out swinging, 2-3 out at first.
Batting: LHB Frank Mullen 0-0: Ball
1-0: Ball
2-0: Foul Ball, location: 2F
2-1: Foul Ball, location: 2F
2-2: Strikes out swinging
Bottom of the 4th over - 0 runs, 0 hits, 0 errors, 0 left on base; Biloxi 1 - Mobile 1
TOP OF THE 5TH
Biloxi Shuckers batting - Pitching for Mobile BayBears : RHP Chad Toms
Batting: SHB Jerry Duffy 0-0: SINGLE (Line Drive, 56D, EV 98.1 MPH)
Batting: RHB Leo Serrano 0-0: Called Strike
Jerry Duffy is caught stealing 2nd base 2-4
0-1: Ball
1-1: TRIPLE (Groundball, 3L, EV 101.9 MPH)
Batting: RHB Nick Cummings 0-0: Fly out, F9 (Line Drive, 89M, EV 90.6 MPH)
Runner from 3rd tags up, SCORES, throw by RF
Batting: LHB Jason Raker 0-0: Called Strike
0-1: Foul Ball, location: 2F
0-2: Reached on error, E3 (Groundball, 3, EV 103.1 MPH)
Batting: SHB Justin Hensley 0-0: Called Strike
0-1: Ball
1-1: Called Strike
1-2: Strikes out swinging
Top of the 5th over - 1 run, 2 hits, 1 error, 1 left on base; Biloxi 2 - Mobile 1
BOTTOM OF THE 5TH
Mobile BayBears batting - Pitching for Biloxi Shuckers : RHP Zachery Waff
Batting: RHB Paul Schreiber 0-0: Ball
1-0: Ball
2-0: Foul Ball, location: 2F
2-1: DOUBLE (Groundball, 3L, EV 94.4 MPH)
Batting: RHB Sean Tanner 0-0: Ball
1-0: Called Strike
1-1: Called Strike
1-2: Ball
2-2: Strikes out looking
Batting: RHB Luke Stark 0-0: Ball
1-0: Ball
2-0: SINGLE (Groundball, 6MS, EV 68.1 MPH) (infield hit)
Paul Schreiber to third
Batting: RHB D.J. Cooke 0-0: Fly out, F8 (Flyball, 78D, EV 94.4 MPH)
Runner from 3rd tags up, SCORES, throw by CF
Batting: LHB Yao-pang Tien 0-0: Ball
1-0: Called Strike
Luke Stark steals 2nd base
1-1: Ball
2-1: Called Strike
2-2: Strikes out swinging
Bottom of the 5th over - 1 run, 2 hits, 0 errors, 1 left on base; Biloxi 2 - Mobile 2
TOP OF THE 6TH
Biloxi Shuckers batting - Pitching for Mobile BayBears : RHP Chad Toms
Batting: RHB Jeremy Harden 0-0: Foul Ball, location: 2F
0-1: Ball
1-1: Swinging Strike
1-2: Foul Ball, location: 2F
1-2: Strikes out swinging
Batting: LHB Rick Campbell 0-0: Called Strike
0-1: Foul Ball, location: 2F
0-2: Foul Ball, location: 2F
0-2: Strikes out looking
Batting: SHB Aaron Neill 0-0: Called Strike
0-1: Ball
1-1: Swinging Strike
1-2: Strikes out swinging
Top of the 6th over - 0 runs, 0 hits, 0 errors, 0 left on base; Biloxi 2 - Mobile 2
BOTTOM OF THE 6TH
Mobile BayBears batting - Pitching for Biloxi Shuckers : RHP Zachery Waff
Batting: SHB Rich Muniz 0-0: Ball
1-0: Called Strike
1-1: Ball
2-1: Swinging Strike
2-2: Foul Ball, location: 2F
2-2: SINGLE (Flyball, 34D, EV 86.9 MPH)
Batting: RHB Seth Tramontano 0-0: Called Strike
0-1: Swinging Strike
0-2: Grounds into double play, 6-4-3 (Groundball, 6, EV 94.4 MPH)
Batting: RHB Francisco Gutierrez 0-0: Called Strike
0-1: Ball
1-1: Fly out, F7 (Flyball, 7D, EV 91.9 MPH)
Bottom of the 6th over - 0 runs, 1 hit, 0 errors, 0 left on base; Biloxi 2 - Mobile 2
TOP OF THE 7TH
Biloxi Shuckers batting - Pitching for Mobile BayBears : RHP Chad Toms
Batting: RHB Brian Landrum 0-0: Ball
1-0: Swinging Strike
1-1: Foul Ball, location: 2F
1-2: Foul Ball, location: 2F
1-2: Ball
2-2: Ball
3-2: Ground out 6-3 (Groundball, 6, EV 90.6 MPH)
Batting: SHB Jerry Duffy 0-0: Ground out U3 (Groundball, 34S, EV 83.8 MPH)
Batting: RHB Leo Serrano 0-0: Called Strike
0-1: Ball
1-1: Ball
2-1: Ground out 4-3 (Groundball, 4S, EV 85.0 MPH)
Top of the 7th over - 0 runs, 0 hits, 0 errors, 0 left on base; Biloxi 2 - Mobile 2
BOTTOM OF THE 7TH
Mobile BayBears batting - Pitching for Biloxi Shuckers : RHP Zachery Waff
Batting: LHB Frank Mullen 0-0: Called Strike
0-1: Ball
1-1: Swinging Strike
1-2: Foul Ball, location: 2F
1-2: Ball
2-2: Strikes out swinging
Pitching: RHP Jim Strickland
Batting: RHB Paul Schreiber 0-0: Ball
1-0: Ground out 1-3 (Groundball, 15S, EV 68.8 MPH)
Batting: RHB Sean Tanner 0-0: Ball
1-0: Ball
2-0: Ball
3-0: Called Strike
3-1: SINGLE (Line Drive, 89S, EV 111.9 MPH)
Batting: RHB Luke Stark 0-0: Ball
1-0: Called Strike
1-1: SINGLE (Groundball, 34D, EV 95.0 MPH)
Sean Tanner to second
Runner from 2nd tries for 3rd, SAFE, throw by RF made to third
Batting: RHB D.J. Cooke 0-0: Swinging Strike
0-1: Swinging Strike
0-2: Ball
1-2: Strikes out looking
Bottom of the 7th over - 0 runs, 2 hits, 0 errors, 2 left on base; Biloxi 2 - Mobile 2
TOP OF THE 8TH
Biloxi Shuckers batting - Pitching for Mobile BayBears : RHP Chad Toms
Batting: RHB Nick Cummings 0-0: Ball
1-0: Ball
2-0: Ball
3-0: Base on Balls
Batting: LHB Jason Raker 0-0: Ball
Nick Cummings steals 2nd base
1-0: Foul Ball, location: 2F
1-1: Ground out U3 (Groundball, 34S, EV 87.5 MPH)
Nick Cummings to third
Batting: SHB Justin Hensley 0-0: Intentional Walk
Batting: RHB Jeremy Harden 0-0: DOUBLE (Line Drive, 89D, EV 105.6 MPH)
Nick Cummings scores
Justin Hensley to third
Batting: LHB Rick Campbell 0-0: Ball
1-0: Called Strike
1-1: Ball
2-1: Swinging Strike
2-2: Strikes out swinging
Pitching: LHP Heath Henderson
Batting: SHB Aaron Neill 0-0: Ground out 5-3 (Groundball, 56, EV 102.5 MPH)
Top of the 8th over - 1 run, 1 hit, 0 errors, 2 left on base; Biloxi 3 - Mobile 2
BOTTOM OF THE 8TH
Mobile BayBears batting - Pitching for Biloxi Shuckers : RHP Jim Strickland
Batting: LHB Yao-pang Tien 0-0: Called Strike
0-1: Ball
1-1: Ball
2-1: Swinging Strike
2-2: Strikes out swinging
Batting: SHB Rich Muniz 0-0: Swinging Strike
0-1: Called Strike
0-2: Strikes out swinging
Batting: RHB Seth Tramontano 0-0: Ball
1-0: Called Strike
1-1: Ball
2-1: Ball
3-1: Base on Balls
Batting: RHB Francisco Gutierrez 0-0: Ball
1-0: Ball
2-0: Foul Ball, location: 2F
2-1: Ball
3-1: Foul Ball, location: 2F
3-2: Foul Ball, location: 2F
3-2: DOUBLE (Line Drive, 8LXD, EV 111.2 MPH)
Seth Tramontano to third
Seth Tramontano scores
Pitching: LHP Brian Rich
Pinch Hitting: SHB Reagan Dudley 0-0: Ball
1-0: DOUBLE (Flyball, 8LXD, EV 95.0 MPH)
Francisco Gutierrez scores
Pitching: RHP Drew Tollefsen
Batting: RHB Paul Schreiber 0-0: Ball
1-0: Ball
2-0: Foul Ball, location: 2F
2-1: Ball
3-1: DOUBLE (Flyball, 78XD, EV 108.1 MPH)
Reagan Dudley scores
Batting: RHB Sean Tanner 0-0: DOUBLE (Groundball, 5L, EV 101.2 MPH)
Paul Schreiber scores
Batting: RHB Luke Stark 0-0: Intentional Walk
Batting: RHB D.J. Cooke 0-0: Ball
1-0: SINGLE (Groundball, 5S, EV 60.6 MPH) (infield hit)
Sean Tanner to third
Luke Stark to second
Batting: LHB Yao-pang Tien 0-0: Ball
1-0: Foul Ball, location: 2F
1-1: Foul Ball, location: 2F
1-2: Ball
2-2: SINGLE (Line Drive, 78S, EV 98.8 MPH)
Sean Tanner scores
Luke Stark to third
D.J. Cooke to second
Runner from 3rd tries for Home, throw by CF and OUT! 8-2
Bottom of the 8th over - 5 runs, 6 hits, 0 errors, 2 left on base; Biloxi 3 - Mobile 7
TOP OF THE 9TH
Biloxi Shuckers batting - Pitching for Mobile BayBears : LHP Heath Henderson
Now at SS: Reagan Dudley
Batting: RHB Brian Landrum 0-0: Swinging Strike
0-1: Swinging Strike
0-2: Ball
1-2: Ball
2-2: SINGLE (Line Drive, 7S, EV 105.0 MPH)
Batting: SHB Jerry Duffy 0-0: Grounds into double play, 5-4-3 (Groundball, 5L, EV 104.4 MPH)
Batting: RHB Leo Serrano 0-0: Ball
1-0: Ball
2-0: Foul Ball, location: 2F
2-1: Called Strike
2-2: Ground out 1-3 (Groundball, 15S, EV 65.6 MPH)
Top of the 9th over - 0 runs, 1 hit, 0 errors, 0 left on base; Biloxi 3 - Mobile 7
Sunday, July 16th , 2023 - OOTP Baseball 24.6 Build 69